 Dungeon Crawl Stone Soup version 0.30-a0-715-gdb4ae3ece1 (webtiles) character file.

Game seed: 5230089389557009684

1530 wormed the Caller (level 8, 0/54 HPs)
             Began as an Octopode Warper on Jan 23, 2023.
             Was an Initiate of Gozag.
             Slain by a sky beast (1 damage)
             ... on level 6 of the Dungeon.
             The game lasted 00:12:12 (5992 turns).

wormed the Caller (Octopode Warper)                 Turns: 5992, Time: 00:12:13

Health: 0/54       AC:  1    Str: 11    XL:     8   Next: 85%
Magic:  13/14      EV: 14    Int: 23    God:    Gozag
Gold:   451        SH:  0    Dex: 11    Spells: 2/15 levels left

rFire   . . .      SeeInvis .      - Unarmed
rCold   . . .      Faith    .    (no shield)
rNeg    . . .      Spirit   .    (helmet restricted)
rPois   .          Reflect  .    (no amulet)
rElec   .          Harm     .    m - +6 ring of intelligence
rCorr   .          Rampage  .    r - ring of willpower
Will    +....                    (no ring)
Stlth   +++                      (no ring)
HPRegen 0.29/turn                (no ring)
MPRegen 0.14/turn                (no ring)
                                 (no ring)
                                 (no ring)

@: no status effects
A: almost no armour, amphibious, 8 rings, camouflage 1, gelatinous body 1,
(nimble swimmer 1), tentacles
a: Renounce Religion, Potion Petition, Call Merchant, Bribe Branch


You were on level 6 of the Dungeon.
You worshipped Gozag.
Gozag was aware of your devotion.
You visited 1 branch of the dungeon, and saw 6 of its levels.

You collected 568 gold pieces.
You paid 117 gold pieces to Gozag.

Inventory:

Missiles
 b - 7 boomerangs of dispersal
 q - 3 boomerangs
Jewellery
 m - a +6 ring of intelligence (left tentacle)
 r - a ring of willpower (right tentacle)
Wands
 c - a wand of charming (7) (quivered)
Scrolls
 f - a scroll of poison
Potions
 d - 2 potions of attraction
 g - a potion of invisibility
 h - 2 potions of brilliance
 j - 2 potions of magic
 k - a potion of mutation {unknown}
 l - a potion of flight {unknown}
 o - a potion of curing {unknown}
 p - a potion of berserk rage {unknown}
 s - a potion of might {unknown}


   Skills:
 * Level 4.1 Fighting
 - Level 1.0 Throwing
 * Level 4.3 Dodging
 + Level 4.3 Stealth
 * Level 4.2 Unarmed Combat
 * Level 4.4 Spellcasting
 - Level 5.0 Summonings
 - Level 3.0 Translocations
 * Level 2.1 Transmutations
 + Level 2.9 Air Magic


You had 2 spell levels left.
You knew the following spells:

 Your Spells              Type           Power      Damage    Failure   Level
a - Blade Hands           Tmut           7%         N/A       75%         5
b - Call Canine Familiar  Summ           28%        N/A       3%          3
c - Vhi's Electric Charg  Tloc/Air       36%        N/A       9%          3
k - Blink                 Tloc           36%        N/A       4%          2

Your spell library contained the following spells:

 Spells                   Type           Power      Damage    Failure   Level
 Lesser Beckoning         Tloc           36%        N/A       4%          2
 Passwall                 Tmut/Erth      8%         N/A       10%         2
 Ensorcelled Hibernation  Hex/Ice        10%        N/A       16%         2
 Swiftness                Air            18%        N/A       9%          3
 Teleport Other           Tloc           18%        N/A       9%          3
 Portal Projectile        Hex/Tloc       22%        N/A       16%         3
 Manifold Assault         Tloc           18%        N/A       28%         4
 Ozocubu's Armour         Ice            5%         N/A       30%         3
 Tukima's Dance           Hex            5%         N/A       30%         3
 Leda's Liquefaction      Hex/Erth       2%         N/A       69%         4
 Borgnjor's Vile Clutch   Necr/Erth      2%         N/A       95%         5
 Metabolic Englaciation   Hex/Ice        2%         N/A       95%         5
 Death Channel            Necr           2%         N/A       100%        6
 Animate Dead             Necr           Unusable   N/A       N/A         4
 Simulacrum               Ice/Necr       Unusable   N/A       N/A         6

Dungeon Overview and Level Annotations

Branches:
Dungeon (6/15)
 Temple: D:4-7

Altars:
Gozag

Shops:
D:3 ?

Annotations:
D:4 wormed's ghost, amateur OpAE


Innate Abilities, Weirdness & Mutations

You cannot wear most types of armour.
You are amphibious.
You can wear up to eight rings at the same time.
Your skin changes colour to match your surroundings (Stealth+).
Your rubbery body absorbs attacks. (AC +1, EV +1)
((You are camouflaged when in or above water. (Stealth+)))
You have tentacles for arms and can constrict up to eight enemies at once.


Message History

Reactivating autopickup.
The sky beast completely misses you.
Your hound closely misses the sky beast.
You tentacle-slap the sky beast.
You squeeze the sky beast, but do no damage.
The sky beast is almost dead.
Your hound barely misses the sky beast.
The sky beast barely misses you. The orc hits you with a +0 dagger.
You tentacle-slap the sky beast but do no damage.
The sky beast is almost dead.
Your hound barely misses the sky beast.
The orc misses you. The sky beast hits you. The sky beast shocks you.
* * * LOW HITPOINT WARNING * * *
You barely miss the sky beast. You squeeze the sky beast.
The sky beast is almost dead.
Your hound bites the sky beast but does no damage.
An orc comes into view. It is wielding a +0 dagger.
The orc hits you with a +0 dagger.
* * * LOW HITPOINT WARNING * * *
The sky beast closely misses your hound.
Your hound barely misses the sky beast.
You tentacle-slap the sky beast but do no damage.
The sky beast is almost dead.
Your hound misses the sky beast.
An orc comes into view. It is wielding a +0 short sword.
The orc barely misses you. The sky beast hits you.
* * * LOW HITPOINT WARNING * * *
The sky beast shocks you.
* * * LOW HITPOINT WARNING * * *
You miss the sky beast.
The sky beast is almost dead.
Your hound barely misses the sky beast.
An orc comes into view. It is wielding a +0 trident.
The orc hits you with a +0 dagger.
* * * LOW HITPOINT WARNING * * *
The sky beast flickers out of sight!
Deactivating autopickup; reactivate with Ctrl-A.
Something hits you.
You die...
Your body crumbles into a pile of gold.

#. #. ... .. #. #. #.##.
+. #.##... #. #.....# #.
#. #.....# #####+# #.
#..#.....# #.....# #.
#.....h.#####....#####.
#.{@.$......$.......
#...o.o..##.##...##.####
#.o.####.##.##.(........
... #.##.##...##.#### o
#.##.##.$........
#.##.##...##.####
#.##.##...##.#
#.##......##.#


You could see 4 orcs and a friendly hound (summoned).

Vanquished Creatures
  A water moccasin (D:5)
  2 ogres (D:5)
  2 centaurs
  A necrophage (D:3)
  2 hounds
  An orc priest (D:3)
  An orc wizard (D:4)
  2 iguanas
  3 gnolls (D:3)
  3 adders
  A white imp (D:5)
  An ufetubus (D:5)
  3 dart slugs
  23 orcs
  3 endoplasms
  3 giant cockroaches
  8 goblins
  4 hobgoblins
  5 jackals
  7 kobolds
  6 quokkas
  6 ball pythons
  3 bats
  A frilled lizard (D:3)
  2 rats
94 creatures vanquished.

Vanquished Creatures (collateral kills)
  Menkaure (D:5)
  A sky beast (D:4)
  A black bear (D:4)
  An ogre (D:5)
  A centaur (D:5)
  A scorpion (D:5)
  A howler monkey (D:4)
  A gnoll bouda (D:4)
  3 iguanas (D:5)
  An orc wizard (D:5)
  4 orcs
  A kobold (D:4)
17 creatures vanquished.

Grand Total: 111 creatures vanquished

Notes
Turn   | Place    | Note
-------+----------+-------------------------------------------
     0 | D:1      | wormed the Octopode Warper began the quest for the Orb.
     0 | D:1      | Reached XP level 1. HP: 14/14 MP: 3/3
   243 | D:1      | Reached XP level 2. HP: 7/19 MP: 5/5
   371 | D:1      | Reached skill level 1 in Stealth
   374 | D:1      | Learned a level 2 spell: Blink
  1038 | D:2      | Reached XP level 3. HP: 20/25 MP: 6/6
  1259 | D:2      | Learned a level 3 spell: Vhi's Electric Charge
  1665 | D:3      | Found Filinoti's Magic Scroll Shop.
  1773 | D:3      | Reached XP level 4. HP: 29/30 MP: 7/7
  1873 | D:3      | Reached skill level 1 in Air Magic
  1882 | D:3      | Reached XP level 5. HP: 19/36 MP: 8/8
  2605 | D:4      | Learned a level 3 spell: Call Canine Familiar
  2687 | D:4      | Reached XP level 6. HP: 29/42 MP: 9/9
  3076 | D:4      | Found a runed translucent gate.
  3076 | D:4      | Found a runed translucent gate.
  3076 | D:4      | Found an opulent altar of Gozag.
  3076 | D:4      | Found a runed translucent gate.
  3079 | D:4      | Noticed wormed's ghost (amateur OpAE)
  3149 | D:4      | Reached skill level 1 in Summonings
  3387 | D:4      | Noticed a black bear
  3394 | D:5      | Entered Level 5 of the Dungeon
  3435 | D:5      | Reached skill level 2 in Summonings
  3763 | D:4      | Killed a black bear
  3764 | D:4      | Reached skill level 3 in Summonings
  3764 | D:4      | Reached XP level 7. HP: 46/46 MP: 6/12
  4241 | D:4      | Became a worshipper of Gozag Ym Sagoz the Greedy
  4304 | D:4      | Learned a level 5 spell: Blade Hands
  4648 | D:5      | Reached skill level 4 in Summonings
  4677 | D:5      | Reached skill level 1 in Transmutations
  4677 | D:5      | Reached XP level 8. HP: 17/52 MP: 4/13
  5505 | D:5      | Noticed Menkaure
  5527 | D:5      | HP: 2/54 [Menkaure/nerve-wracking pain (13)]
  5532 | D:5      | Killed Menkaure
  5533 | D:5      | Reached skill level 5 in Summonings
  5992 | D:6      | HP: 1/54 [orc/+0 dagger (3)]
  5992 | D:6      | Slain by a sky beast

Illustrated notes

Levels and vault maps discovered:
D:1:      nagdon_arrival_zigzag_paths, layout_rooms
D:2:      minmay_wonky_spiral, layout_loops_ring
D:3:      cheibrodos_pilgrimage, layout_basic, serial_shops, shop,
          hangedman_abyss_or_decor_lesser_grid, guppyfry_early_orc_mine
D:4:      layout_loops_corners, ebering_ghost_gozag,
          minmay_misc_feat_more_columns
D:5:      layout_rooms, nicolae_concentric_dashed_squares_mild, uniq_menkaure
D:6:      layout_basic, mainiacjoe_overflow_large_starburst, temple_green,
          nicolae_shop_i_like_big_books, minmay_misc_feat_hallway, uniq_grinder

Skill      XL: |  1  2  3  4  5  6  7  8 |
---------------+-------------------------+-----
Stealth        | 1 2 3 4 |  4.3
Dodging        | 3 4 |  4.3
Air Magic      | 1 2 |  2.9
Unarmed Combat | 3 4 |  4.2
Fighting       | 3 4 |  4.1
Summonings     | 3 4 5 |  5.0
Spellcasting   | 3 4 |  4.4
Transmutations | 1 2 |  2.1
Throwing       | |  1.0
Translocations | |  3.0

Action                     |  1- 3 |  4- 6 |  7- 9 || total
---------------------------+-------+-------+-------++-------
  Melee: Unarmed           |    89 |   107 |    87 ||   283
         Constrict         |    26 |    25 |    14 ||    65
         Tentacles         |    26 |    23 |    28 ||    77
         Punch             |     1 |     4 |     5 ||    10
   Cast: Call Canine Famil |       |     7 |    26 ||    33
         Vhi's Electric Ch |       |       |     2 ||     2
    Use: Scroll            |     2 |       |    12 ||    14
         Potion            |       |       |     3 ||     3
   Stab: Sleeping          |     6 |     7 |     3 ||    16
         Distracted        |       |       |     1 ||     1
 Armour: Skin              |     6 |     1 |     3 ||    10
  Dodge: Dodged            |    46 |    57 |    67 ||   170

Table legend: (Time is in decaauts)
 A = Elapsed time spent in this place.
 B = Non-inter-level travel time spent in this place.
 C = Inter-level travel time spent in this place.
 D = Time resting spent in this place.
 E = Time spent auto-exploring this place.
 F = Levels seen in this place.
 G = Mean time per level.
                   A        B        C        D        E       F      G
               +--------+--------+--------+--------+--------+-----+--------+
         Total |   5977 |   5738 |    239 |      0 |   4562 |   6 |  996.2 |
       Dungeon |   5977 |   5738 |    239 |      0 |   4562 |   6 |  996.2 |
               +--------+--------+--------+--------+--------+-----+--------+

Top non-repeatable levels by time:
     D:4: 1850 daAuts
     D:5: 1457 daAuts
     D:3: 1359 daAuts
     D:2: 773 daAuts
     D:1: 489 daAuts
     D:6: 46 daAuts
